AoeStats
← Inferno-_-

Arena

510286290Analyzed
4v4 RM · 1d ago on Sep 30, 2026· 51m 0s· 8 players
Game mode
Random Map
Map size
Large (8 player)
Population
200
Speed
Normal
Resources
Standard
Victory
Conquest
Starting age
Dark Age
Ending age
Imperial Age
RankedLock teamsTeams togetherTeam positionsShared explorationLock speedFull tech treeHidden civsTurbo modeCheats
Victory
Defeat
🇩🇪 Persians · Germany
1074
+12
🇮🇳 Cumans · India
922
+18
🇳🇱 Spanish · Netherlands
919
+19
🇨🇳 Huns · China
917
+19
🇦🇺 Wu · Australia
1008
-18
🇦🇷 Franks · Argentina
990
-17
🇦🇺 Ethiopians · Australia
971
-17
🇦🇺 Huns · Australia
948
-16
PapaHewy
10:30 Feudal Age
11:04 Double-Bit Axe
11:01 Horse Collar
19:16 Castle Age
18:40 Fletching
19:53 Bodkin Arrow
19:22 Crossbowman
34:04 Imperial Age
32:08 Gold Mining
37:53 Arbalester
40:51 Squires
41:17 Halberdier
44:52 Gold Shaft Mining
45:01 Bow Saw
44:59 Heavy Plow
45:28 Thumb Ring
47:57 Fortified Wall
48:39 Ballistics
49:49 Murder Holes
50:44 Bracer
50:55 Forging
50:46 Scale Mail Armor
Crazy Rocket Sodawala of Ajmer
10:53 Feudal Age
9:09 Loom
13:14 Loom
15:42 Castle Age
14:20 Horse Collar
14:29 Double-Bit Axe
27:16 Wheelbarrow
26:29 Town Watch
26:58 Bow Saw
27:48 Marauders
28:18 Bloodlines
28:10 Husbandry
28:17 Scale Barding Armor
28:24 Forging
30:19 Gold Mining
30:20 Stone Mining
35:34 Heavy Plow
36:56 Chain Barding Armor
37:13 Iron Casting
40:39 Imperial Age
38:26 Hand Cart
43:12 Imperial Age
40:51 Town Patrol
43:15 Elite Tarkan
44:18 Conscription
45:04 Plate Barding Armor
48:21 Blast Furnace
48:45 Pikeman
49:30 Squires
Inferno-_-
12:20 Feudal Age
14:28 Double-Bit Axe
17:26 Castle Age
15:14 Loom
18:03 Wheelbarrow
17:28 Gold Mining
26:54 Gold Shaft Mining
26:37 Bow Saw
30:43 Imperial Age
28:28 Hand Cart
28:46 Scale Barding Armor
29:26 Stone Mining
30:11 Fortified Wall
31:00 Cavalier
32:08 Husbandry
32:30 Chain Barding Armor
33:15 Chemistry
32:02 Pikeman
32:47 Halberdier
35:50 Chivalry
36:10 Conscription
36:12 Forging
36:03 Scale Mail Armor
37:29 Iron Casting
38:52 Paladin
41:07 Ballistics
domiknocker
10:41 Feudal Age
11:22 Double-Bit Axe
12:47 Horse Collar
20:00 Castle Age
20:51 Wheelbarrow
20:03 Town Watch
20:13 Gold Mining
20:37 Forging
20:29 Scale Mail Armor
21:45 Heavy Plow
23:20 Squires
24:15 Arson
25:56 Chain Mail Armor
42:28 Imperial Age
40:17 Hand Cart
40:44 Iron Casting
40:45 Murder Holes
41:06 Fletching
41:29 Masonry
41:41 Ballistics
43:51 Conscription
43:18 Pikeman
44:03 Halberdier
LaoWoo
10:34 Feudal Age
14:48 Castle Age
13:20 Double-Bit Axe
13:18 Horse Collar
14:06 Stone Mining
19:36 Wheelbarrow
20:01 Bow Saw
21:08 Town Watch
22:04 Bloodlines
24:33 Fletching
31:50 Imperial Age
29:47 Gold Mining
29:44 Loom
30:15 Hand Cart
30:00 Town Patrol
30:07 Marauders
30:46 Husbandry
31:18 Bodkin Arrow
31:24 Padded Archer Armor
32:05 Town Patrol
33:00 Ballistics
32:51 Masonry
33:04 Conscription
33:08 Thumb Ring
33:59 Heavy Plow
34:22 Light Cavalry
36:14 Scale Barding Armor
36:21 Forging
36:19 Hussar
41:03 Gold Shaft Mining
41:56 Elite Tarkan
44:03 Chemistry
42:59 Murder Holes
45:19 Parthian Tactics
44:14 Heavy Cavalry Archer
45:36 Bracer
45:57 Chain Barding Armor
46:12 Iron Casting
45:54 Leather Archer Armor
50:27 Plate Barding Armor
50:52 Blast Furnace
NapoleonBonaparte241
5:57 Loom
12:23 Feudal Age
16:14 Castle Age
14:11 Fletching
14:19 Double-Bit Axe
15:42 Forging
27:50 Bodkin Arrow
34:44 Imperial Age
35:14 Bloodlines
35:51 Iron Casting
36:06 Wheelbarrow
36:47 Bow Saw
36:10 Cavalier
36:45 Man-at-Arms
37:10 Gambesons
37:26 Squires
37:12 Arson
38:13 Scale Mail Armor
38:19 Long Swordsman
41:52 Scale Barding Armor
42:43 Husbandry
42:22 Two-Handed Swordsman
44:23 Chemistry
49:47 Blast Furnace
49:09 Chain Barding Armor
49:31 Champion
50:57 Chain Mail Armor
DeusMaximus263
7:26 Loom
10:13 Feudal Age
14:34 Castle Age
12:41 Double-Bit Axe
13:06 Horse Collar
20:49 Wheelbarrow
20:00 Town Watch
21:47 Stone Mining
23:38 Heavy Plow
23:31 Gold Mining
24:41 Hand Cart
24:12 Town Watch
24:15 Town Watch
25:13 Scale Barding Armor
25:24 Forging
27:11 Gold Shaft Mining
30:05 Imperial Age
28:11 Chain Barding Armor
28:30 Iron Casting
28:02 Husbandry
28:28 Bloodlines
29:15 Masonry
31:08 Plate Barding Armor
31:34 Blast Furnace
29:58 Heavy Camel Rider
31:14 Crop Rotation
30:57 Bow Saw
31:18 Conscription
34:26 Padded Archer Armor
34:16 Fletching
35:29 Chemistry
35:58 Leather Archer Armor
36:08 Ballistics
36:40 Light Cavalry
39:36 Ring Archer Armor
kwik
10:11 Feudal Age
10:52 Double-Bit Axe
10:49 Horse Collar
15:14 Wheelbarrow
21:13 Castle Age
19:31 Scale Barding Armor
19:37 Forging
19:31 Gold Mining
19:59 Bloodlines
20:00 Loom
21:11 Town Watch
22:11 Bow Saw
22:04 Heavy Plow
22:25 Chain Barding Armor
22:41 Iron Casting
23:36 Town Patrol
23:51 Hand Cart
27:48 Capped Ram
Connection lost

Rejoining the realm…

Still unreachable

The connection could not be restored.

Session expired

The server has moved on; the page needs a fresh start.